 Dungeon Crawl Stone Soup version 0.31-a0-232-gb1c03b2570 (webtiles) character file.

Game seed: 8141005257129052751

247 qw the Shooter (level 5, -12/46 HPs)
             Began as a Minotaur Hexslinger on July 6, 2023.
             Mangled by a gnoll
             ... wielding a +0 halberd
              (13 damage)
             ... on level 3 of the Dungeon.
             The game lasted 00:00:50 (1586 turns).

qw the Shooter (Minotaur Hexslinger)                Turns: 1586, Time: 00:00:51

Health: -12/46     AC:  3    Str: 12    XL:     5   Next: 85%
Magic:  5/5        EV: 12    Int: 10    God:
Gold:   87         SH:  0    Dex: 15    Spells: 5/6 levels left

rFire   . . .        Y - +1 sling
rCold   . . .        (no shield)
rNeg    . . .        e - +0 leather armour
rPois   .            (helmet restricted)
rElec   .            (no cloak)
rCorr   .            (no gloves)
SInv    .            (no boots)
Will    .....        (no amulet)
Stlth   +            (no ring)
HPRegen 0.27/turn    (no ring)
MPRegen 0.09/turn

%: no passive effects
@: about to teleport
A: horns 2, retaliatory headbutt
a: no special abilities


You were on level 3 of the Dungeon.
You visited 1 branch of the dungeon, and saw 5 of its levels.

You collected 87 gold pieces.


Innate Abilities, Weirdness & Mutations

You have a pair of horns on your head.
You reflexively headbutt those who attack you in melee.


   Skills:
 - Level 4.3 Fighting
 + Level 5.6 Ranged Weapons
 - Level 2.1 Dodging
 - Level 1.0 Spellcasting
 - Level 2.0 Hexes


You had 5 spell levels left.
You knew the following spells:

 Your Spells              Type           Power      Damage    Failure   Level
a - Slow                  Hex            16%        N/A       19%         1

Your spell library contained the following spells:

 Spells                   Type           Power      Damage    Failure   Level
 Inner Flame              Hex/Fire       2%         N/A       65%         3
 Portal Projectile        Hex/Tloc       4%         N/A       65%         3
 Cause Fear               Hex            2%         N/A       88%         4

Inventory:

Hand Weapons
 Y - a +1 sling (weapon)
Armour
 e - a +0 leather armour (worn)
Potions
 a - a potion of curing {unknown}
 b - a potion of lignification {unknown}
 d - a potion of enlightenment
 f - a potion of attraction {unknown}
 g - a potion of degeneration {unknown}

Dungeon Overview and Level Annotations

Branches:
Dungeon (5/15)
 Temple: D:4-7

Altars:
Qazlal
Uskayaw
The Shining One

Shops:
D:4 (

Annotations:
D:4 1 runed translucent door, qw's ghost, amateur GrHs


Message History

The gnoll barely misses you. x2; The gnoll misses you.
You shoot a sling bullet. The hobgoblin shouts!
The sling bullet hits the gnoll but does no damage.
The gnoll is almost dead.
The gnoll hits you from afar with a +0 halberd!
The endoplasm hits you. The gnoll hits you with a +0 club!
You shoot a sling bullet. The sling bullet hits the gnoll.
You kill the gnoll!
The endoplasm misses you. You furiously retaliate!
You headbutt the endoplasm!
You kill the endoplasm!
The gnoll barely misses you.
You shoot a sling bullet.
The sling bullet barely misses the gnoll.
The sling bullet hits the hobgoblin.
You kill the hobgoblin!
An adder comes into view.
The gnoll closely misses you.
You shoot a sling bullet.
The sling bullet closely misses the gnoll.
The adder hisses angrily.
The sling bullet hits the adder.
The adder is lightly wounded.
The gnoll hits you from afar with a +0 halberd!
1583 ||| READING scroll of teleportation.
As you read the scroll of teleportation, it crumbles to dust.
You feel strangely unstable.
The gnoll hits you from afar with a +0 halberd!
You shoot a sling bullet. The sling bullet hits the gnoll.
The gnoll is lightly wounded.
The gnoll misses you.
You shoot a sling bullet.
The sling bullet closely misses the gnoll.
The gnoll barely misses you.
You shoot a sling bullet.
The sling bullet barely misses the adder.
The sling bullet barely misses the gnoll.
The adder misses you.
The gnoll hits you from afar with a +0 halberd!
You die...

###.. .# . . .....
##.# .# ### ..#.##
#..# ..# ... .....#
#..# # .# #.# #!...#
... .# ..# #.# #....#
##.####.# . #.#
#g...####.......#
#.###S...+.##...¤.~.#
#....@...#.#...¤.~..#
#.########.#....¤¤..#
#.#............¤¤~¤.#
#.#.......%.........#
#.#.......>#........#
#...##...#.#........#
#...##.#.#.##########
#........#.#
###......+.#


You could see a gnoll and an adder.

Vanquished Creatures
  A sky beast (D:4)
  Terence (D:2)
  Natasha (D:2)
  2 gnolls (D:3)
  2 adders (D:3)
  2 worms (D:2)
  5 orcs
  3 ball pythons
  4 endoplasms
  2 giant cockroaches
  5 goblins
  7 hobgoblins
  5 jackals (D:2)
  4 kobolds
  2 quokkas
  5 bats
  3 frilled lizards (D:1)
  3 rats
57 creatures vanquished.

Notes
Turn   | Place    | Note
-------+----------+-------------------------------------------
     0 | D:1      | qw the Minotaur Hexslinger began the quest for the Orb.
     0 | D:1      | Reached XP level 1. HP: 16/16 MP: 1/1
     0 | D:1      | 0 ||| qw: Version: 0.3-a-46-gb1f654a
     0 | D:1      | 0 ||| qw: Game counter: 2007
     0 | D:1      | 0 ||| qw: Melee chars always use a shield: true
     0 | D:1      | 0 ||| qw: God list: Okawaru
     0 | D:1      | 0 ||| qw: Allow faded altars: false
     0 | D:1      | 0 ||| qw: Do Orc after clearing Dungeon:15 true
     0 | D:1      | 0 ||| qw: Do second Lair branch before Depths: true
     0 | D:1      | 0 ||| qw: Lair rune preference: random
     0 | D:1      | 0 ||| qw: Goals: Normal
     0 | D:1      | 0 ||| PLANNING D:1-11
   188 | D:1      | Reached skill level 3 in Ranged Weapons
   188 | D:1      | Reached XP level 2. HP: 23/23 MP: 2/2
   604 | D:1      | 604 ||| UPGRADING to +0 leather armour.
   614 | D:1      | 614 ||| DROPPING +0 robe.
   615 | D:1      | 615 ||| READING scroll labelled ODECANT FEAM.
   619 | D:1      | 619 ||| READING scroll labelled VASTRU HOATA.
   620 | D:1      | 620 ||| DROPPING scroll of poison.
   631 | D:2      | 631 ||| STAIRDANCE
   711 | D:2      | Reached XP level 3. HP: 29/29 MP: 3/3
   810 | D:2      | 810 ||| FLEEEEING.
   939 | D:2      | Reached skill level 4 in Ranged Weapons
  1000 | D:2      | Found a hide-covered altar of Uskayaw.
  1011 | D:2      | Noticed Natasha
  1013 | D:2      | 1013 ||| FLEEEEING.
  1022 | D:2      | Killed Natasha
  1023 | D:2      | Reached XP level 4. HP: 23/36 MP: 4/4
  1157 | D:2      | Noticed Terence
  1167 | D:2      | Killed Terence
  1168 | D:2      | Reached skill level 5 in Ranged Weapons
  1216 | D:2      | 1216 ||| READING scroll labelled INTIUSTREMP.
  1250 | D:3      | You fall into a shaft and drop 2 floors!
  1250 | D:5      | Entered Level 5 of the Dungeon
  1277 | D:4      | Noticed qw's ghost (amateur GrHs)
  1277 | D:4      | Found a runed translucent door.
  1277 | D:4      | Found a glowing golden altar of the Shining One.
  1287 | D:4      | Noticed a sky beast
  1303 | D:4      | Killed a sky beast
  1304 | D:4      | Reached XP level 5. HP: 39/46 MP: 5/5
  1342 | D:4      | Found Dyraw's Weapon Boutique.
  1385 | D:4      | 1385 ||| DRINKING 2 metallic cyan potions.
  1443 | D:3      | Found a stormy altar of Qazlal.
  1582 | D:3      | HP: 8/46 [gnoll/+0 halberd (9)]
  1583 | D:3      | 1583 ||| READING scroll of teleportation.
  1583 | D:3      | HP: 1/46 [gnoll/+0 halberd (8)]
  1586 | D:3      | Mangled by a gnoll

Levels and vault maps discovered:
D:1:      denvon_arrival_planthouse, layout_basic
D:2:      layout_rooms, basic_altar, uniq_terence, uniq_natasha
D:3:      layout_basic, marbit_many_paths, nicolae_qazlal_scattered_showers
D:4:      kennysheep_goblin_castle, layout_cave_pools,
          mainiacjoe_overflow_large_starburst, ebering_ghost_sewer_f,
          minivault_24, nicolae_inconvenience_store, minmay_misc_feat_rows
D:5:      layout_gridville

Skill      XL: |  1  2  3  4 |
---------------+-------------+-----
Ranged Weapons | 3 4 5 |  5.6
Fighting       | 2 4 |  4.3
Dodging        | |  2.1
Spellcasting   | |  1.0
Hexes          | |  2.0

Action                     |  1- 3 |  4- 6 || total
---------------------------+-------+-------++-------
   Fire: Sling             |   122 |    99 ||   221
    Use: Scroll            |     2 |     2 ||     4
         Potion            |       |     1 ||     1
 Armour: Leather armour    |     9 |    10 ||    19
         Robe              |     1 |       ||     1
  Dodge: Dodged            |    32 |    38 ||    70

Table legend:
 A = Non-vault XP
 B = Vault XP
 C = Vault XP percentage of total XP
 D = Non-vault monster count
 E = Vault monster count
 F = Vault count percentage of total count
                 A         B        C        D         E       F
            +---------+---------+-------+---------+---------+-------
      Total |     282 |      71 |  20.1 |      55 |       2 |   3.5
            +---------+---------+-------+---------+---------+-------
        D:1 |      24 |       0 |   0.0 |      15 |       0 |   0.0
        D:2 |      45 |      71 |  61.2 |      22 |       2 |   8.3
        D:3 |      69 |       0 |   0.0 |      11 |       0 |   0.0
        D:4 |     144 |       0 |   0.0 |       7 |       0 |   0.0
            +---------+---------+-------+---------+---------+-------
